 Dungeon Crawl Stone Soup version 0.32-a0-473-gd044c6f0f0 (webtiles) character file.

Game seed: 8528167604624329173

47 gimp the Sneak (level 3, -1/19 HPs)
             Began as a Kobold Enchanter on Feb 26, 2024.
             Slain by an orc
             ... wielding a +0 flail
              (2 damage)
             ... on level 3 of the Dungeon.
             The game lasted 00:02:46 (2256 turns).

gimp the Sneak (Kobold Enchanter)                   Turns: 2256, Time: 00:02:47

Health: -1/19      AC:  9    Str:  5    XL:     3   Next: 97%
Magic:  6/6        EV: 15    Int: 16    God:
Gold:   74         SH:  0    Dex: 17    Spells: 6/6 levels left

rFire   . . .        a - +2 dagger (protect)
rCold   . . .        (no shield)
rNeg    + . .        b - +0 robe
rPois   .            (no helmet)
rElec   .            (no cloak)
rCorr   .            (no gloves)
SInv    .            (no boots)
Will    .....        (no amulet)
Stlth   ++++         j - ring of positive energy
HPRegen 0.23/turn    (no ring)
MPRegen 0.10/turn

%: no passive effects
@: under a protective aura
A: small, no large weapons, nightstalker 3
a: no special abilities


You were on level 3 of the Dungeon.
You visited 1 branch of the dungeon, and saw 3 of its levels.

You collected 74 gold pieces.

Inventory:

Hand Weapons
 a - a +2 dagger of protection (weapon)
Armour
 b - a +0 robe (worn)
Jewellery
 j - a ring of positive energy (left hand)
Scrolls
 e - a scroll of enchant armour {unknown}
 h - a scroll of teleportation {unknown}
 k - 3 scrolls of identify {unknown}
Potions
 c - 4 potions of invisibility
 d - a potion of enlightenment {unknown}
 f - a potion of lignification {unknown}
 g - a potion of attraction {unknown}
 i - a potion of curing {unknown}
 l - a potion of mutation {unknown}
 m - a potion of might {unknown}


   Skills:
 * Level 3.4 Short Blades
 + Level 3.1 Dodging
 + Level 4.7 Stealth
 - Level 2.1 Spellcasting
 - Level 3.0 Hexes


You had 6 spell levels left.
You didn't know any spells.
Your spell library contained the following spells:

 Spells                   Type           Power      Damage    Failure   Level
 Slow                     Hex            44%        N/A       6%          1
 Ensorcelled Hibernation  Hex/Ice        12%        N/A       17%         2
 Confusing Touch          Hex            11%        N/A       19%         3
 Sigil of Binding         Hex            11%        N/A       19%         3
 Tukima's Dance           Hex            11%        N/A       19%         3
 Sandblast                Erth           2%         2d4       21%         1
 Lesser Beckoning         Tloc           2%         N/A       30%         2
 Dazzling Flash           Conj/Hex       12%        N/A       32%         3
 Gell's Gravitas          Tloc           1%         N/A       52%         3
 Passwall                 Erth           1%         N/A       52%         3
 Stone Arrow              Conj/Erth      2%         3d7       52%         3
 Teleport Other           Tloc           1%         N/A       52%         3
 Vampiric Draining        Necr           1%         2d6       52%         3
 Brom's Barrelling Bould  Conj/Erth      1%         2d3       90%         4


Dungeon Overview and Level Annotations

Branches:
Dungeon (3/15)

Altars:


Innate Abilities, Weirdness & Mutations

You are small and have problems with some larger weapons.
You are completely attuned to the shadows.


Message History

You hit the plant.
The plant is lightly damaged.
You hit the plant.
The plant is lightly damaged.
You hit the plant but do no damage.
The plant is lightly damaged.
A nearby plant withers and dies.
Done exploring.
There is a stone staircase leading down here.
You climb downwards.
You hear the sound of rushing water.
There is an entrance to a sewer on this level.
Hurry and find it before the portal rusts away!
There is a stone staircase leading up here.
The helpless bat fails to defend itself.
You impale the bat!!
Your weapon exudes an aura of protection.
You kill the bat!
No target in view!
No target in view!
You open the door.
There is an open door here.
You now have 74 gold pieces (gained 9).
An orc comes into view. It is wielding a +0 short sword.
An orc is nearby!
An orc comes into view. It is wielding a +0 dagger.
The orc shouts! x2; You hear a shout!
An orc comes into view. It is wielding a +0 flail.
The orc shouts!
The orc barely misses you.
An orc comes into view. It is wielding a +0 short sword.
You hit the orc.
Your weapon exudes an aura of protection.
The orc is heavily wounded.
The orc misses you. The orc hits you but does no damage.
The orc attacks as it pursues you! The orc barely misses you.
You hear the slow rusting of a very distant drain.
You hit the orc.
Your weapon exudes an aura of protection.
The orc is heavily wounded.
The orc closely misses you.
You closely miss the orc.
The orc is heavily wounded.
The orc completely misses you.
You hit the orc.
The orc is severely wounded.
You hit the orc.
You kill the orc!
You hit the orc.
The orc is severely wounded.
The orc hits you but does no damage.
You closely miss the orc.
The orc is severely wounded.
An orc comes into view. It is wielding a +0 whip.
The orc hits you but does no damage.
You hit the orc.
You kill the orc!
You closely miss the orc. The orc misses you.
You hit the orc.
The orc is severely wounded.
The orc closely misses you.
You barely miss the orc.
The orc is severely wounded.
The orc barely misses you.
You hit the orc.
You kill the orc!
You hit the orc.
The orc is moderately wounded.
You barely miss the orc.
The orc is moderately wounded.
The orc hits you with a +0 whip.
You take 3 damage, and have 16/19 hp.
You closely miss the orc.
The orc is moderately wounded.
The orc hits you with a +0 whip.
You take 5 damage, and have 11/19 hp.
MASSIVE DAMAGE!!
You hit the orc but do no damage.
The orc is moderately wounded.
The orc hits you with a +0 whip.
You take 1 damage, and have 10/19 hp.
You barely miss the orc.
The orc is moderately wounded.
The orc hits you with a +0 whip.
You take 1 damage, and have 9/19 hp.
You are too injured to fight recklessly!
You are too injured to fight recklessly!
You hit the orc.
The orc is severely wounded.
You hit the orc.
You kill the orc!
You hit the orc but do no damage. The orc hits you with a +0 flail.
You take 4 damage, and have 6/19 hp.
MASSIVE DAMAGE!!
You barely miss the orc. The orc hits you with a +0 flail.
* * * LOW HITPOINT WARNING * * *
You take 5 damage, and have 1/19 hp.
MASSIVE DAMAGE!!
You hit the orc.
The orc is severely wounded.
You completely miss the orc.
The orc is severely wounded.
The orc hits you with a +0 flail.
You die...

##### ### ##....
..##.# ....# #.##.#
#.#.# #.##.#
###.#.####@##.###
.###.......##o##o..#
.........#.##...o....
####.#.###...........
#.#..............#
##.#########.....##
#.#.# #...... ##..#
##.# ##.#


You could see an orc.

Vanquished Creatures
  4 orcs (D:3)
  3 bats
  3 endoplasms
  7 goblins
  6 hobgoblins
  2 kobolds
  2 quokkas (D:1)
  4 ball pythons
  2 frilled lizards (D:2)
  5 rats
38 creatures vanquished.

Notes
Turn   | Place    | Note
-------+----------+-------------------------------------------
     0 | D:1      | gimp the Kobold Enchanter began the quest for the Orb.
     0 | D:1      | Reached XP level 1. HP: 10/10 MP: 3/3
   181 | D:1      | Reached XP level 2. HP: 15/15 MP: 5/5
  1005 | D:2      | Found a faded altar of an unknown god.
  1019 | D:2      | Reached XP level 3. HP: 12/19 MP: 6/6
  2256 | D:3      | Slain by an orc

Illustrated notes

Levels and vault maps discovered:
D:1:      psy_arrival_dodecagon, layout_loops_corners
D:2:      wad_woods_pond, layout_basic, basic_ecumenical_altar
D:3:      cheibrodos_pilgrimage, layout_loops_corners, serial_glass,
          glass_columns_a, glass_columns_a, cheibrodos_sewer_entry_sluice

Skill      XL: |  1  2  3 |
---------------+----------+-----
Short Blades   | 2 3 |  3.4
Dodging        | 3 |  3.1
Stealth        | |  4.7
Spellcasting   | |  2.1
Hexes          | |  3.0

Action                     || total
---------------------------++-------
  Melee: Dagger            ||   124
   Stab: Sleeping          ||    19
 Armour: Robe              ||    41
  Dodge: Dodged            ||    41

Table legend: (Time is in decaauts)
 A = Elapsed time spent in this place.
 B = Non-inter-level travel time spent in this place.
 C = Inter-level travel time spent in this place.
 D = Time resting spent in this place.
 E = Time spent auto-exploring this place.
 F = Levels seen in this place.
 G = Mean time per level.
                   A        B        C        D        E       F      G
               +--------+--------+--------+--------+--------+-----+--------+
         Total |   2240 |   2190 |     50 |      0 |   1906 |   3 |  746.7 |
       Dungeon |   2240 |   2190 |     50 |      0 |   1906 |   3 |  746.7 |
               +--------+--------+--------+--------+--------+-----+--------+

Top non-repeatable levels by time:
     D:2: 1207 daAuts
     D:1: 966 daAuts
     D:3: 67 daAuts
